 Dungeon Crawl Stone Soup version 0.14-a0-3445-g2afddda (webtiles) character file.

604 KTyJLXy the Magician (level 6, 0/42 HPs)
             Began as a Draconian Wizard on Mar 23, 2014.
             Killed by divine providence
             ... invoked by an orc priest
              (10 damage)
             ... on Level 6 of the Dungeon.
             The game lasted 00:22:59 (4972 turns).

KTyJLXy the Magician (Draconian Wizard)             Turns: 4972, Time: 00:22:59

HP   0/42        AC 12     Str  9      XL: 6   Next: 63%
MP   5/14        EV 12     Int 21      God:
Gold 182         SH  0     Dex  9      Spells:  3 memorised,  8 levels left

rFire  . . .     SeeInvis .     i - staff of cold
rCold  + . .     Clarity  .     (armour unavailable)
rNeg   . . .     Conserve .     (no shield)
rPois  .         rCorr    .     b - +0 hat
rElec  .         rRot     .     a - +2 cloak
SustAb . .       Spirit   .     (no gloves)
rMut   .         Warding  .     (no boots)
Saprov . . .     Stasis   .     (no amulet)
MR     .....                    (no ring)
                                g - +3 ring of protection

@: not resistant to hostile enchantments, unstealthy
A: unfitting armour, frail 1, low mp 1, spit poison 1, AC +6
a: Spit Poison


You were on level 6 of the Dungeon.
You were not hungry.

You visited 1 branch of the dungeon, and saw 6 of its levels.

You collected 182 gold pieces.

Inventory:

Armour
 a - a +2 cloak (worn)
 b - a +0 hat (worn)
 v - a +0 cloak
Comestibles
 l - 2 chokos
 t - an apple
 w - a beef jerky
Scrolls
 d - 2 scrolls of noise {unknown}
 h - a scroll of identify {unknown}
 j - a scroll of blinking {unknown}
 k - a scroll of random uselessness {unknown}
 m - 3 scrolls of remove curse {unknown}
 n - 2 scrolls of enchant armour {unknown}
 p - a scroll of amnesia {unknown}
 q - a scroll of enchant weapon I {unknown}
 r - 2 scrolls of recharging {unknown}
Jewellery
 f - an uncursed amulet of inaccuracy {unknown}
 g - a +3 ring of protection (left hand)
Potions
 e - a potion of curing
 u - a potion of haste {unknown}
Books
 c - a book of Minor Magic

   Spells                             Type                      Level
   *Magic Dart                        Conjuration                  1
   *Blink                             Translocation                2
   Call Imp                           Summoning                    2
   Repel Missiles                     Charms/Air                   2
   Slow                               Hexes                        2
   Conjure Flame                      Conjuration/Fire             3
   *Mephitic Cloud                    Conjuration/Poison/Air       3
Magical staves
 i - an uncursed staff of cold (weapon)


   Skills:
 - Level 1.2 Fighting
 * Level 0.0 Staves
 + Level 3.6 Dodging
 - Level 2.1 Stealth
 - Level 1.2 Unarmed Combat
 * Level 4.8 Spellcasting
 * Level 2.8 Conjurations
   Level 1.0 Summonings
 - Level 1.0 Translocations
 - Level 1.1 Air Magic
 - Level 0.6 Poison Magic


You had 8 spell levels left.
You knew the following spells:

 Your Spells              Type           Power        Failure   Level  Hunger
a - Magic Dart            Conj           ###.         3%          1    None
b - Mephitic Cloud        Conj/Pois/Air  ##......     21%         3    ##.....
c - Blink                 Tloc           N/A          12%         2    None


Dungeon Overview and Level Annotations

Branches:
Dungeon (6/15)
 Temple: D:4-7

Altars:
Ashenzari
Elyvilon
Nemelex Xobeh


Innate Abilities, Weirdness & Mutations

Your plain brown scales are hard (AC +6).
Your body does not fit into most forms of armour.
Your cold-blooded metabolism reacts poorly to cold.
You are frail (-10% HP).
Your magical capacity is low (-10% MP).
You can spit poison.


Message History

An orc comes into view. It is wielding a dagger.
Casting: Mephitic Cloud
Confirm with . or Enter, or press ? or * to list all spells.
Aiming: Mephitic Cloud
Press: ? - help, Shift-Dir - straight line The beam explodes into a vile cloud!
The stinking cloud engulfs the orc.
The stinking cloud engulfs the orc priest. x2
The orc priest's eyes start to glow.
The orc priest is engulfed in noxious fumes.
The orc priest appears confused.
The orc wizard is engulfed in noxious fumes.
The orc wizard appears confused.
The orc wizard is engulfed in noxious fumes.
The orc wizard casts a spell.
The orc wizard seems to speed up.
The orc is engulfed in noxious fumes.
The orc appears confused.
An orc comes into view. It is wielding a dagger.
The orc priest calls down the wrath of Beogh upon you.
Something smites you!
You die...

#### ......... .......o.
##########.o.o§o...
#........#.§§§§§..
..#........#...§§o#
....#........#......#
....#........#.s....#
....#........#..@...# o
....#........#§§....####.#
....#........#§o.........#
....#.....))<#...........#
....##+##'####...#######.#
......>..........#.....#(#
.................#.).[.#.#
....#########....###'###.#
....+ #...)).......#


You could see a scorpion, 2 orc priests, 2 orc wizards and 2 orcs.

Vanquished Creatures
  An orc priest (D:3)
  4 orc wizards
  2 worker ants
  6 adders
  4 gnolls (D:3)
  2 worms
  An orc skeleton (D:4)
  A giant gecko (D:5)
  16 orcs
  11 bats
  19 goblins
  11 hobgoblins
  14 jackals
  3 quokkas
  4 giant cockroaches
  A giant gecko skeleton (D:3)
  6 giant newts
  13 kobolds
  An orc zombie (D:5)
  11 rats
131 creatures vanquished.

Vanquished Creatures (others)
  2 orc wizards (D:5)
  An adder (D:5)
  A jackal (D:5)
4 creatures vanquished.

Grand Total: 135 creatures vanquished

Notes
Turn   | Place    | Note
--------------------------------------------------------------
     0 | D:1      | KTyJLXy, the Draconian Wizard, began the quest for the Orb.
     0 | D:1      | Reached XP level 1. HP: 14/14 MP: 4/4
   213 | D:1      | Reached XP level 2. HP: 17/20 MP: 0/6
  1028 | D:2      | Reached XP level 3. HP: 19/26 MP: 0/8
  1161 | D:2      | Learned a level 3 spell: Mephitic Cloud
  1164 | D:2      | Learned a level 2 spell: Blink
  1961 | D:2      | Reached XP level 4. HP: 34/34 MP: 6/10
  2318 | D:3      | Found a white marble altar of Elyvilon.
  2444 | D:3      | Reached skill level 4 in Spellcasting
  2582 | D:3      | Reached skill level 1 in Fighting
  2582 | D:3      | Reached skill level 1 in Unarmed Combat
  2582 | D:3      | Reached XP level 5. HP: 20/40 MP: 0/13
  2777 | D:3      | Found a shattered altar of Ashenzari.
  3168 | D:3      | Found a sparkling altar of Nemelex Xobeh.
  3412 | D:4      | Reached XP level 6. HP: 35/47 MP: 1/15
  3769 | D:4      | Reached skill level 1 in Air Magic
  3900 | D:5      | Entered Level 5 of the Dungeon
  4432 | D:5      | Gained mutation: You can spit poison. [potion of mutation]
  4432 | D:5      | Gained mutation: Your magical capacity is low (-10% MP). [potion of mutation]
  4432 | D:5      | Gained mutation: You are frail (-10% HP). [potion of mutation]
  4742 | D:6      | HP: 2/42 [orc wizard/puff of flame (9)]
  4972 | D:6      | Killed from afar by an orc priest

Action                   |  1- 3 |  4- 6 || total
-------------------------+-------+-------++-------
Melee: Unarmed           |   135 |   160 ||   295
 Cast: Magic Dart        |   122 |   243 ||   365
       Mephitic Cloud    |     1 |    17 ||    18
 Abil: Spit Poison       |       |     6 ||     6
  Use: Potion            |     1 |     6 ||     7
       Scroll            |       |     4 ||     4
